[ PARTIDA AOE2 · #493649928 ]
UnrankedFrancos vs Berbers
Equipo del jugador · DERR
Equipo rival · VICT
[ ANÁLISIS DE REPETICIÓN · EXTRAÍDO DE LA PARTIDA GRABADA ]
Feudal
8:28
Castillos
19:26
Imperial
38:56
| APM promedio | 124.5 |
| APM pico | 229 |
| eAPM promedio | 79.6 |
| Aldeanos / militares | 234 / 335 |
Foco
⚔️ 71.0% · 🌾 29.0%
Spearman ×127 · Skirmisher ×122 · Knight ×48 · Archer ×20 · Trebuchet (Packed) ×8 · Scout Cavalry ×7
Feudal
8:50
Castillos
24:59
Imperial
44:44
| APM promedio | 68.5 |
| APM pico | 111 |
| eAPM promedio | 39.8 |
| Aldeanos / militares | 204 / 408 |
Foco
⚔️ 47.6% · 🌾 52.4%
Camel Scout ×125 · Cavalry Archer ×92 · Scout Cavalry ×80 · Archer ×38 · Knight ×37 · Monk ×11
Mapa de la partida
Recursos iniciales + cada clic de construcción. Líneas = muros · curvas = relieve. ◆ oro · ⬟ piedra · ● bayas · ✦ reliquia · ◌ hueco del cierre
Tu base· Abierta — flanco sin cerrar
Base de TAG_MbL_· ✓ Cerrada en 24:59 · 52t muro · 1 puerta(s)
Terreno inicial suavizado · ◌ = hueco del cierre detectado · pasá el cursor para detalles
Inputs por minuto
— VIT | Hera - - TAG_MbL_
Build order — VIT | Hera
Primeras 150 de 650 acciones detectadas
| 0:00 | Crear | Villager (Male) |
| 0:01 | Crear | Villager (Male) |
| 0:01 | Crear | Villager (Male) |
| 0:02 | Construir | House |
| 0:02 | Construir | House |
| 0:05 | Crear | Villager (Male) |
| 0:05 | Crear | Villager (Male) |
| 1:25 | Crear | Villager (Male) |
| 1:25 | Crear | Villager (Male) |
| 1:45 | Construir | Lumber Camp |
| 1:57 | Crear | Villager (Male) |
| 1:57 | Crear | Villager (Male) |
| 2:15 | Crear | Villager (Male) |
| 2:15 | Crear | Villager (Male) |
| 2:45 | Crear | Villager (Male) |
| 2:45 | Crear | Villager (Male) |
| 3:06 | Construir | House |
| 3:11 | Crear | Villager (Male) |
| 3:11 | Crear | Villager (Male) |
| 3:41 | Crear | Villager (Male) |
| 4:09 | Construir | Mill |
| 4:12 | Crear | Villager (Male) |
| 4:13 | Crear | Villager (Male) |
| 4:20 | Crear | Villager (Male) |
| 4:40 | Crear | Villager (Male) |
| 4:40 | Crear | Villager (Male) |
| 4:41 | Crear | Villager (Male) |
| 4:59 | Crear | Villager (Male) |
| 5:09 | Crear | Villager (Male) |
| 6:18 | Investigar | Feudal Age |
| 6:18 | Investigar | Feudal Age |
| 6:18 | Investigar | Feudal Age |
| 7:31 | Construir | Barracks |
| 8:26 | Construir | House |
| 8:28 | Investigar | Loom |
| 8:28 | Edad | Edad Feudal |
| 8:31 | Construir | Stable |
| 8:32 | Investigar | Double-Bit Axe |
| 8:33 | Investigar | Double-Bit Axe |
| 8:47 | Crear | Villager (Male) |
| 9:02 | Construir | House |
| 9:03 | Construir | Palisade Wall |
| 9:08 | Crear | Villager (Male) |
| 9:16 | Crear | Scout Cavalry |
| 9:20 | Crear | Villager (Male) |
| 9:22 | Construir | Farm |
| 9:47 | Crear | Scout Cavalry |
| 9:48 | Crear | Villager (Male) |
| 9:49 | Construir | House |
| 9:51 | Crear | Villager (Male) |
| 9:58 | Construir | Farm |
| 10:11 | Construir | House |
| 10:20 | Construir | Mining Camp |
| 10:48 | Crear | Villager (Male) |
| 10:51 | Crear | Villager (Male) |
| 10:54 | Construir | Archery Range |
| 10:58 | Construir | House |
| 11:26 | Construir | Farm |
| 11:51 | Crear | Villager (Male) |
| 11:54 | Construir | Farm |
| 11:54 | Construir | Farm |
| 12:02 | Crear | Archer |
| 12:16 | Construir | Farm |
| 12:17 | Crear | Villager (Male) |
| 12:33 | Construir | Farm |
| 12:35 | Crear | Archer |
| 12:42 | Crear | Villager (Male) |
| 13:02 | Crear | Villager (Male) |
| 13:10 | Crear | Archer |
| 13:29 | Crear | Villager (Male) |
| 13:33 | Construir | Farm |
| 13:38 | Construir | Archery Range |
| 13:45 | Crear | Archer |
| 14:02 | Crear | Villager (Male) |
| 14:03 | Crear | Archer |
| 14:10 | Construir | Farm |
| 14:25 | Crear | Villager (Male) ×5 |
| 14:30 | Crear | Scout Cavalry |
| 14:35 | Crear | Archer |
| 14:57 | Construir | Blacksmith |
| 15:05 | Crear | Villager (Male) |
| 15:06 | Crear | Archer |
| 15:06 | Crear | Archer |
| 15:22 | Construir | Farm |
| 15:33 | Crear | Archer |
| 15:41 | Construir | Farm |
| 15:52 | Construir | Farm |
| 15:54 | Construir | House |
| 16:06 | Construir | Watch Tower |
| 16:10 | Crear | Villager (Male) |
| 16:17 | Crear | Archer |
| 16:20 | Construir | Farm |
| 16:24 | Construir | House |
| 16:30 | Construir | House |
| 16:30 | Construir | Palisade Wall |
| 16:42 | Construir | Farm |
| 16:46 | Investigar | Castle Age |
| 16:46 | Investigar | Castle Age |
| 17:09 | Crear | Archer |
| 17:09 | Crear | Archer |
| 17:18 | Construir | Lumber Camp |
| 17:21 | Crear | Archer |
| 17:24 | Investigar | Fletching |
| 17:25 | Investigar | Fletching |
| 17:27 | Construir | House |
| 17:30 | Construir | Palisade Wall |
| 17:41 | Construir | House |
| 17:41 | Construir | Palisade Wall |
| 17:48 | Crear | Archer |
| 17:48 | Crear | Archer |
| 17:51 | Construir | House |
| 18:13 | Construir | House |
| 18:14 | Construir | Palisade Wall |
| 18:24 | Crear | Archer |
| 18:24 | Crear | Archer |
| 18:30 | Construir | House |
| 18:40 | Crear | Archer |
| 18:40 | Crear | Archer |
| 18:45 | Construir | House |
| 18:50 | Crear | Archer |
| 19:23 | Crear | Scout Cavalry |
| 19:24 | Crear | Scout Cavalry |
| 19:26 | Edad | Edad de los Castillos |
| 19:34 | Investigar | Bodkin Arrow |
| 19:34 | Investigar | Bodkin Arrow |
| 19:37 | Crear | Scout Cavalry |
| 19:54 | Crear | Villager (Male) |
| 20:05 | Crear | Skirmisher |
| 20:05 | Crear | Skirmisher |
| 20:06 | Crear | Villager (Male) |
| 20:08 | Construir | Market |
| 20:21 | Crear | Skirmisher |
| 20:30 | Crear | Skirmisher |
| 20:30 | Crear | Skirmisher |
| 20:37 | Crear | Scout Cavalry |
| 20:41 | Crear | Skirmisher |
| 20:41 | Crear | Skirmisher |
| 20:43 | Crear | Villager (Male) |
| 20:48 | Investigar | Bow Saw |
| 20:48 | Investigar | Bow Saw |
| 21:32 | Crear | Villager (Male) |
| 21:34 | Crear | Skirmisher |
| 22:12 | Crear | Villager (Male) |
| 22:20 | Crear | Villager (Male) |
| 22:28 | Construir | Town Center |
| 22:31 | Crear | Villager (Male) |
| 22:33 | Construir | Farm |
| 22:40 | Crear | Knight |
| 23:02 | Construir | Siege Workshop |
| 23:05 | Crear | Villager (Male) |
Build order — TAG_MbL_
Primeras 150 de 846 acciones detectadas
| 0:00 | Crear | Villager (Male) ×4 |
| 0:01 | Construir | House |
| 0:02 | Construir | House |
| 1:15 | Crear | Villager (Male) |
| 1:48 | Crear | Villager (Male) |
| 1:48 | Crear | Villager (Male) |
| 2:13 | Crear | Villager (Male) |
| 2:16 | Construir | Lumber Camp |
| 2:36 | Crear | Villager (Male) |
| 2:49 | Crear | Villager (Male) |
| 3:10 | Crear | Villager (Male) |
| 3:29 | Crear | Villager (Male) |
| 3:37 | Construir | House |
| 3:47 | Crear | Villager (Male) |
| 4:52 | Crear | Villager (Male) |
| 5:00 | Crear | Villager (Male) |
| 5:11 | Crear | Villager (Male) |
| 5:22 | Construir | Barracks |
| 5:53 | Construir | House |
| 5:57 | Construir | Palisade Wall |
| 6:08 | Investigar | Loom |
| 6:08 | Investigar | Loom |
| 6:11 | Construir | Palisade Wall |
| 6:31 | Investigar | Feudal Age |
| 6:31 | Investigar | Feudal Age |
| 6:42 | Construir | Palisade Wall |
| 7:02 | Construir | Palisade Wall |
| 7:08 | Crear | Militia |
| 7:08 | Crear | Militia |
| 7:17 | Construir | Mining Camp |
| 7:28 | Construir | Palisade Wall |
| 7:32 | Crear | Villager (Male) |
| 7:46 | Crear | Militia |
| 7:46 | Crear | Militia |
| 7:47 | Crear | Militia |
| 7:47 | Crear | Militia |
| 7:57 | Construir | Palisade Wall |
| 8:12 | Construir | Mill |
| 8:19 | Crear | Villager (Male) |
| 8:40 | Construir | House |
| 8:46 | Crear | Villager (Male) |
| 8:50 | Edad | Edad Feudal |
| 8:52 | Construir | Palisade Wall |
| 8:53 | Construir | Palisade Wall |
| 9:00 | Crear | Spearman |
| 9:26 | Crear | Villager (Male) |
| 9:39 | Crear | Villager (Male) |
| 9:50 | Construir | Archery Range |
| 10:20 | Construir | Farm |
| 10:22 | Crear | Villager (Male) |
| 10:34 | Construir | House |
| 10:45 | Construir | Farm |
| 10:46 | Crear | Archer |
| 10:46 | Crear | Archer |
| 10:48 | Crear | Villager (Male) |
| 10:59 | Crear | Archer |
| 10:59 | Crear | Archer |
| 11:01 | Crear | Villager (Male) |
| 11:12 | Construir | Farm |
| 11:16 | Construir | Farm |
| 11:33 | Crear | Villager (Male) |
| 11:35 | Construir | Farm |
| 11:54 | Crear | Villager (Male) |
| 12:02 | Crear | Archer |
| 12:02 | Crear | Archer |
| 12:10 | Crear | Archer |
| 12:13 | Crear | Spearman |
| 12:18 | Investigar | Double-Bit Axe |
| 12:19 | Investigar | Double-Bit Axe |
| 12:20 | Construir | House |
| 12:37 | Construir | Palisade Gate |
| 12:47 | Crear | Villager (Male) |
| 12:48 | Construir | Farm |
| 12:49 | Construir | Farm |
| 13:01 | Crear | Villager (Male) |
| 13:08 | Construir | Farm |
| 13:20 | Construir | House |
| 13:20 | Crear | Archer |
| 13:20 | Crear | Archer |
| 13:26 | Crear | Villager (Male) |
| 13:27 | Crear | Villager (Male) |
| 13:36 | Construir | Farm |
| 14:03 | Crear | Archer |
| 14:07 | Crear | Villager (Male) |
| 14:14 | Crear | Villager (Male) |
| 14:19 | Crear | Archer |
| 14:20 | Crear | Villager (Male) |
| 14:32 | Construir | Archery Range |
| 14:40 | Construir | House |
| 14:49 | Crear | Archer |
| 15:17 | Crear | Archer |
| 15:18 | Crear | Archer |
| 15:30 | Construir | House |
| 15:37 | Construir | Blacksmith |
| 15:41 | Crear | Skirmisher |
| 15:41 | Crear | Skirmisher |
| 15:44 | Crear | Villager (Male) |
| 15:45 | Crear | Skirmisher |
| 15:49 | Crear | Villager (Male) |
| 16:05 | Crear | Skirmisher |
| 16:07 | Crear | Villager (Male) |
| 16:09 | Construir | House |
| 16:11 | Investigar | Wheelbarrow |
| 16:12 | Investigar | Fletching |
| 16:12 | Investigar | Fletching |
| 16:13 | Crear | Villager (Male) |
| 16:17 | Construir | House |
| 16:23 | Crear | Archer |
| 16:25 | Investigar | Padded Archer Armor |
| 16:25 | Investigar | Padded Archer Armor |
| 16:31 | Crear | Archer |
| 16:32 | Crear | Archer |
| 16:36 | Crear | Villager (Male) |
| 17:05 | Crear | Villager (Male) |
| 17:06 | Crear | Skirmisher |
| 17:06 | Crear | Skirmisher |
| 17:12 | Crear | Skirmisher |
| 17:28 | Construir | Market |
| 17:39 | Crear | Archer |
| 17:39 | Crear | Archer |
| 17:45 | Construir | Farm |
| 18:12 | Construir | Farm |
| 18:38 | Crear | Archer |
| 18:38 | Crear | Archer |
| 18:39 | Crear | Villager (Male) |
| 18:39 | Crear | Villager (Male) |
| 18:43 | Construir | Mining Camp |
| 19:14 | Crear | Archer |
| 19:14 | Crear | Archer |
| 19:21 | Crear | Archer |
| 19:21 | Crear | Archer |
| 19:49 | Crear | Archer |
| 19:55 | Crear | Villager (Male) |
| 19:56 | Construir | Farm |
| 19:56 | Construir | Farm |
| 19:57 | Construir | Farm |
| 19:57 | Construir | Farm |
| 20:07 | Crear | Archer |
| 20:08 | Crear | Archer |
| 20:22 | Crear | Villager (Male) |
| 20:29 | Crear | Archer |
| 20:33 | Construir | Lumber Camp |
| 20:48 | Construir | Watch Tower |
| 20:52 | Crear | Villager (Male) |
| 20:57 | Construir | House |
| 20:59 | Construir | House |
| 21:00 | Construir | Palisade Wall |
| 21:02 | Construir | House |
| 21:05 | Construir | Palisade Wall |
| 21:07 | Construir | House |
Cronología de la partida
| 5:22 | TAG_MbL_ · first_building Barracks |
| 5:57 | TAG_MbL_ · wall_segment Palisade Wall x9 |
| 6:11 | TAG_MbL_ · wall_segment Palisade Wall x5 |
| 6:42 | TAG_MbL_ · wall_segment Palisade Wall x5 |
| 7:02 | TAG_MbL_ · wall_segment Palisade Wall x7 |
| 7:28 | TAG_MbL_ · wall_segment Palisade Wall x6 |
| 7:31 | VIT | Hera · first_building Barracks |
| 7:57 | TAG_MbL_ · wall_segment Palisade Wall x5 |
| 8:28 | VIT | Hera · age_up feudal |
| 8:31 | VIT | Hera · first_building Stable |
| 8:50 | TAG_MbL_ · age_up feudal |
| 8:52 | TAG_MbL_ · wall_segment Palisade Wall x5 |
| 8:53 | TAG_MbL_ · wall_segment Palisade Wall x1 |
| 9:03 | VIT | Hera · wall_segment Palisade Wall x1 |
| 9:50 | TAG_MbL_ · first_building Archery Range |
| 10:54 | VIT | Hera · first_building Archery Range |
| 16:30 | VIT | Hera · wall_segment Palisade Wall x8 |
| 17:30 | VIT | Hera · wall_segment Palisade Wall x5 |
| 17:41 | VIT | Hera · wall_segment Palisade Wall x2 |
| 18:14 | VIT | Hera · wall_segment Palisade Wall x1 |
| 19:26 | VIT | Hera · age_up castle |
| 21:00 | TAG_MbL_ · wall_segment Palisade Wall x1 |
| 21:05 | TAG_MbL_ · wall_segment Palisade Wall x1 |
| 21:31 | TAG_MbL_ · wall_segment Palisade Wall x2 |
| 21:40 | TAG_MbL_ · wall_segment Palisade Wall x1 |
| 21:41 | TAG_MbL_ · wall_segment Palisade Wall x1 |
| 22:10 | TAG_MbL_ · wall_segment Stone Wall x1 |
| 22:11 | TAG_MbL_ · wall_segment Stone Wall x1 |
| 22:16 | TAG_MbL_ · first_market_buy 100 food |
| 22:17 | TAG_MbL_ · first_market_sell 100 stone |
| 22:21 | VIT | Hera · first_market_sell 100 food |
| 22:22 | VIT | Hera · first_market_buy 100 stone |
| 22:24 | TAG_MbL_ · first_building Stable |
| 22:41 | TAG_MbL_ · wall_segment Palisade Wall x1 |
| 22:43 | TAG_MbL_ · wall_segment Palisade Wall x1 |
| 22:44 | TAG_MbL_ · wall_segment Palisade Wall x1 |
| 22:46 | TAG_MbL_ · wall_segment Palisade Wall x1 |
| 22:47 | TAG_MbL_ · wall_segment Palisade Wall x1 |
| 23:02 | VIT | Hera · first_building Siege Workshop |
| 24:59 | TAG_MbL_ · age_up castle |
| 26:48 | TAG_MbL_ · first_building Monastery |
| 27:27 | VIT | Hera · wall_segment Palisade Wall x1 |
| 27:55 | TAG_MbL_ · first_building Siege Workshop |
| 27:56 | VIT | Hera · first_building Monastery |
| 28:38 | VIT | Hera · first_building Castle |
| 28:49 | VIT | Hera · wall_segment Palisade Wall x1 |
| 29:20 | VIT | Hera · wall_segment Palisade Wall x1 |
| 36:13 | VIT | Hera · wall_segment Palisade Wall x1 |
| 36:18 | VIT | Hera · wall_segment Palisade Wall x1 |
| 36:24 | VIT | Hera · wall_segment Palisade Wall x1 |
| 37:27 | VIT | Hera · wall_segment Palisade Wall x1 |
| 37:35 | TAG_MbL_ · wall_segment Stone Wall x1 |
| 37:36 | TAG_MbL_ · wall_segment Stone Wall x1 |
| 37:37 | TAG_MbL_ · wall_segment Stone Wall x1 |
| 37:56 | TAG_MbL_ · wall_segment Stone Wall x1 |
| 38:00 | TAG_MbL_ · wall_segment Stone Wall x1 |
| 38:05 | TAG_MbL_ · wall_segment Stone Wall x1 |
| 38:06 | TAG_MbL_ · wall_segment Stone Wall x1 |
| 38:12 | VIT | Hera · wall_segment Palisade Wall x1 |
| 38:56 | VIT | Hera · age_up imperial |
| 44:44 | TAG_MbL_ · age_up imperial |
| 52:37 | TAG_MbL_ · wall_segment Stone Wall x1 |
| 58:10 | VIT | Hera · resign |
[ ANÁLISIS IA · 1 CRÉDITO ]
¿Qué pasó realmente en esta partida?
Wolo.gg analiza cada decisión: build order, eco, micro, errores típicos por bracket. Análisis personalizado por WhatsApp o Discord en 30 segundos.
Guía civ
Francos
Perfil
Jugador #199325